| TOP OF THE 1ST |
|
Dayton Dragons batting - Pitching for South Bend Cubs : RHP Miles Edwards
|
|
Pitching: RHP Miles Edwards
|
|
|
Batting: RHB Danny Real
|
0-0: Ball 1-0: Ball 2-0: Foul Ball, location: 2F 2-1: Foul Ball, location: 2F 2-2: Foul Ball, location: 2F 2-2: Ball 3-2: Fly out, F7 (Flyball, 78M, EV 90.0 MPH)
|
|
Batting: RHB Randy Grewe
|
0-0: Ball 1-0: Foul Ball, location: 2F 1-1: Ball 2-1: Ball 3-1: Foul Ball, location: 2F 3-2: Ground out 5-3 (Groundball, 56S, EV 90.6 MPH)
|
|
Batting: RHB Mark Williams
|
0-0: Called Strike 0-1: SINGLE (Line Drive, 89S, EV 105.0 MPH)
|
|
Batting: LHB Keith Egan
|
0-0: Ball 1-0: Ball 2-0: Ball 3-0: Called Strike 3-1: Base on Balls Mark Williams to second
|
|
Batting: SHB Tim Utz
|
0-0: Called Strike 0-1: Ball 1-1: Ball 2-1: Swinging Strike 2-2: Strikes out swinging
|
| Top of the 1st over - 0 runs, 1 hit, 0 errors, 2 left on base; Dayton 0 - South Bend 0 |
| BOTTOM OF THE 1ST |
|
South Bend Cubs batting - Pitching for Dayton Dragons : LHP Suk-jin Sok
|
|
Pitching: LHP Suk-jin Sok
|
|
|
Batting: RHB Leonardo Nava
|
0-0: Ball 1-0: Called Strike 1-1: DOUBLE (Groundball, 3L, EV 107.5 MPH)
|
|
Batting: RHB Mike Savage
|
0-0: Ball 1-0: Ball 2-0: SINGLE (Line Drive, 7LS, EV 102.5 MPH) Leonardo Nava to third
|
|
Batting: RHB Ricardo Aguinaga
|
0-0: Called Strike 0-1: SINGLE (Groundball, 56S, EV 70.0 MPH) (infield hit) Leonardo Nava scores Mike Savage to second
|
|
Batting: SHB Gabriel Cruz
|
0-0: Called Strike 0-1: Fielders Choice at 2nd, 2-4 (Groundball, 15S, EV 73.1 MPH) Mike Savage to third
|
|
Batting: RHB Jose Balderrama
|
0-0: Called Strike 0-1: Called Strike Gabriel Cruz steals 2nd base 0-2: Ball 1-2: DOUBLE (Line Drive, 78D, EV 106.2 MPH) Mike Savage scores Gabriel Cruz scores
|
|
Batting: RHB Brad Santanello
|
0-0: Foul Ball, location: 2F 0-1: Ball 1-1: Ground out 6-3 (Groundball, 56, EV 103.8 MPH)
|
|
Batting: RHB David Barnard
|
0-0: Ball 1-0: Called Strike 1-1: Ground out 5-3 (Groundball, 56S, EV 74.4 MPH)
|
| Bottom of the 1st over - 3 runs, 4 hits, 0 errors, 1 left on base; Dayton 0 - South Bend 3 |
| TOP OF THE 2ND |
|
Dayton Dragons batting - Pitching for South Bend Cubs : RHP Miles Edwards
|
|
Batting: RHB Frank Moron
|
0-0: Foul Ball, location: 2F 0-1: Foul Ball, location: 2F 0-2: Ball 1-2: Ball 2-2: Foul Ball, location: 2F 2-2: DOUBLE (Line Drive, 89M, EV 93.1 MPH)
|
|
Batting: RHB Jonathan Davis
|
0-0: SINGLE (Groundball, 56S, EV 68.1 MPH) (infield hit) Frank Moron to third
|
|
Batting: RHB R.J. Romberg
|
0-0: Ball 1-0: Foul Ball, location: 2F 1-1: Foul Ball, location: 2F 1-2: SINGLE (Line Drive, 78S, EV 111.2 MPH) Frank Moron scores Jonathan Davis to second
|
|
Batting: RHB Cyd Carver
|
0-0: Foul Ball, location: 2F 0-1: Foul Ball, location: 2F 0-2: Ball 1-2: Fielders Choice at 2nd, 4-6 (Groundball, 4, EV 106.9 MPH) Jonathan Davis to third
|
|
Batting: RHB Danny Real
|
0-0: Fielders Choice at 2nd, 6-4 (Groundball, 6, EV 81.9 MPH) Jonathan Davis scores
|
|
Batting: RHB Randy Grewe
|
0-0: Ball 1-0: Ball 2-0: Foul Ball, location: 2F 2-1: Called Strike Danny Real steals 2nd, throwing error, E2 Danny Real to third 2-2: Ground out 5-3 (Groundball, 56S, EV 63.1 MPH)
|
| Top of the 2nd over - 2 runs, 3 hits, 1 error, 1 left on base; Dayton 2 - South Bend 3 |
| BOTTOM OF THE 2ND |
|
South Bend Cubs batting - Pitching for Dayton Dragons : LHP Suk-jin Sok
|
|
Batting: LHB Wing-tat Tai
|
0-0: Ball 1-0: Called Strike 1-1: Foul Ball, location: 2F 1-2: Foul Ball, location: 2F 1-2: Strikes out swinging
|
|
Batting: LHB Mark Huey
|
0-0: Ball 1-0: Ball 2-0: SINGLE (Groundball, 4MD, EV 100.0 MPH)
|
|
Batting: RHB Leonardo Nava
|
0-0: Foul Ball, location: 2F 0-1: Called Strike Mark Huey steals 2nd base 0-2: Ground out 5-3 (Groundball, 56S, EV 84.4 MPH)
|
|
Batting: RHB Mike Savage
|
0-0: Ball 1-0: Foul Ball, location: 2F 1-1: Ball 2-1: Foul Ball, location: 2F 2-2: SINGLE (Line Drive, 89S, EV 89.4 MPH) Mark Huey to third Runner from 3rd tries for Home, SAFE, throw by RF to home
|
|
Batting: RHB Ricardo Aguinaga
|
0-0: Called Strike 0-1: Ground out 5-3 (Groundball, 56S, EV 90.6 MPH)
|
| Bottom of the 2nd over - 1 run, 2 hits, 0 errors, 1 left on base; Dayton 2 - South Bend 4 |
| TOP OF THE 3RD |
|
Dayton Dragons batting - Pitching for South Bend Cubs : RHP Miles Edwards
|
|
Batting: RHB Mark Williams
|
0-0: DOUBLE (Groundball, 3L, EV 105.0 MPH)
|
|
Batting: LHB Keith Egan
|
0-0: Called Strike 0-1: Ground out 4-3 (Groundball, 4, EV 103.8 MPH) Mark Williams to third
|
|
Batting: SHB Tim Utz
|
0-0: Ground out 6-3 (Groundball, 6, EV 103.8 MPH) Mark Williams scores
|
|
Batting: RHB Frank Moron
|
0-0: Ball 1-0: Called Strike 1-1: Ball 2-1: Called Strike 2-2: Strikes out swinging
|
| Top of the 3rd over - 1 run, 1 hit, 0 errors, 0 left on base; Dayton 3 - South Bend 4 |
| BOTTOM OF THE 3RD |
|
South Bend Cubs batting - Pitching for Dayton Dragons : LHP Suk-jin Sok
|
|
Batting: SHB Gabriel Cruz
|
0-0: Ball 1-0: Ball 2-0: Ball 3-0: Called Strike 3-1: Base on Balls
|
|
Batting: RHB Jose Balderrama
|
0-0: Ball 1-0: Ball 2-0: Called Strike 2-1: Foul Ball, location: 2F 2-2: Fly out, F9 (Flyball, 9, EV 88.8 MPH)
|
|
Batting: RHB Brad Santanello
|
0-0: Ball 1-0: Fly out, F8 (Line Drive, 8LM, EV 93.8 MPH)
|
|
Batting: RHB David Barnard
|
0-0: Ball 1-0: Ball Wild Pitch! Gabriel Cruz to second 2-0: Called Strike 2-1: Swinging Strike 2-2: Ball 3-2: Fly out, F9 (Line Drive, 9LM, EV 92.5 MPH)
|
| Bottom of the 3rd over - 0 runs, 0 hits, 0 errors, 1 left on base; Dayton 3 - South Bend 4 |
| TOP OF THE 4TH |
|
Dayton Dragons batting - Pitching for South Bend Cubs : RHP Miles Edwards
|
|
Batting: RHB Jonathan Davis
|
0-0: Called Strike 0-1: Ball 1-1: Swinging Strike 1-2: Ball 2-2: Strikes out swinging
|
|
Batting: RHB R.J. Romberg
|
0-0: Ball 1-0: Foul Ball, location: 2F 1-1: Swinging Strike 1-2: Strikes out swinging
|
|
Batting: RHB Cyd Carver
|
0-0: Foul Ball, location: 2F 0-1: Foul Ball, location: 2F 0-2: Ball 1-2: Strikes out swinging
|
| Top of the 4th over - 0 runs, 0 hits, 0 errors, 0 left on base; Dayton 3 - South Bend 4 |
| BOTTOM OF THE 4TH |
|
South Bend Cubs batting - Pitching for Dayton Dragons : LHP Suk-jin Sok
|
|
Batting: LHB Wing-tat Tai
|
0-0: Ball 1-0: SINGLE (Line Drive, 9LS, EV 100.6 MPH)
|
|
Batting: LHB Mark Huey
|
0-0: Ball 1-0: Called Strike 1-1: Foul Ball, location: 2F 1-2: Ball 2-2: Foul Ball, location: 2F 2-2: Ball 3-2: Fly out, F8 (Flyball, 8LM, EV 91.9 MPH)
|
|
Batting: RHB Leonardo Nava
|
0-0: Swinging Strike 0-1: Called Strike 0-2: Strikes out swinging
|
|
Batting: RHB Mike Savage
|
0-0: Ball 1-0: Called Strike 1-1: Ball 2-1: Fielders Choice at 2nd, 5-4 (Groundball, 56, EV 99.4 MPH)
|
| Bottom of the 4th over - 0 runs, 1 hit, 0 errors, 1 left on base; Dayton 3 - South Bend 4 |
| TOP OF THE 5TH |
|
Dayton Dragons batting - Pitching for South Bend Cubs : RHP Miles Edwards
|
|
Batting: RHB Danny Real
|
0-0: Called Strike 0-1: Foul Ball, location: 2F 0-2: Ball 1-2: Ground out 5-3 (Groundball, 56S, EV 90.6 MPH)
|
|
Batting: RHB Randy Grewe
|
0-0: Ball 1-0: DOUBLE (Flyball, 78D, EV 87.5 MPH)
|
|
Batting: RHB Mark Williams
|
0-0: Foul Ball, location: 2F 0-1: DOUBLE (Line Drive, 8RXD, EV 108.1 MPH) Randy Grewe scores
|
|
Batting: LHB Keith Egan
|
0-0: Ball 1-0: Foul Ball, location: 2F 1-1: Foul Ball, location: 2F 1-2: Ball 2-2: Ground out U3 (Groundball, 3, EV 86.9 MPH) Mark Williams to third
|
|
Pitching: LHP Alex Gandarilla
|
|
|
Batting: SHB Tim Utz
|
0-0: Ball 1-0: Ball 2-0: Swinging Strike 2-1: Ball 3-1: Foul Ball, location: 2F 3-2: Foul Ball, location: 2F 3-2: Base on Balls
|
|
Batting: RHB Frank Moron
|
0-0: Called Strike 0-1: Foul Ball, location: 2F 0-2: Strikes out swinging
|
| Top of the 5th over - 1 run, 2 hits, 0 errors, 2 left on base; Dayton 4 - South Bend 4 |
| BOTTOM OF THE 5TH |
|
South Bend Cubs batting - Pitching for Dayton Dragons : LHP Suk-jin Sok
|
|
Batting: RHB Ricardo Aguinaga
|
0-0: Ball 1-0: Called Strike 1-1: Swinging Strike 1-2: Fly out, F7 (Flyball, 7LS, EV 79.4 MPH)
|
|
Batting: SHB Gabriel Cruz
|
0-0: Called Strike 0-1: Called Strike 0-2: SINGLE (Groundball, 4MD, EV 99.4 MPH) (infield hit)
|
|
Batting: RHB Jose Balderrama
|
0-0: Called Strike Gabriel Cruz steals 2nd base 0-1: Ball 1-1: Foul Ball, location: 2F 1-2: Ball 2-2: Strikes out swinging
|
|
Batting: RHB Brad Santanello
|
0-0: Foul Ball, location: 2F 0-1: Ground out 5-3 (Groundball, 56, EV 78.1 MPH)
|
| Bottom of the 5th over - 0 runs, 1 hit, 0 errors, 1 left on base; Dayton 4 - South Bend 4 |
| TOP OF THE 6TH |
|
Dayton Dragons batting - Pitching for South Bend Cubs : LHP Alex Gandarilla
|
|
Batting: RHB Jonathan Davis
|
0-0: Swinging Strike 0-1: Ball 1-1: Ball 2-1: Ball 3-1: Foul Ball, location: 2F 3-2: Foul Ball, location: 2F 3-2: Foul Ball, location: 2F 3-2: Strikes out swinging
|
|
Batting: RHB R.J. Romberg
|
0-0: SINGLE (Groundball, 5S, EV 76.2 MPH) (infield hit)
|
|
Batting: RHB Cyd Carver
|
0-0: TRIPLE (Line Drive, 78XD, EV 105.0 MPH) R.J. Romberg scores
|
|
Batting: RHB Danny Real
|
0-0: Swinging Strike 0-1: Ball 1-1: Ball 2-1: Ball 3-1: Base on Balls
|
|
Batting: RHB Randy Grewe
|
0-0: Called Strike Danny Real steals 2nd base (no throw) 0-1: Ball 1-1: Called Strike 1-2: Ball 2-2: Strikes out swinging
|
|
Pitching: RHP Jake Newman
|
|
|
Batting: RHB Mark Williams
|
0-0: Ball 1-0: Swinging Strike 1-1: Foul Ball, location: 2F 1-2: Strikes out looking
|
| Top of the 6th over - 1 run, 2 hits, 0 errors, 2 left on base; Dayton 5 - South Bend 4 |
| BOTTOM OF THE 6TH |
|
South Bend Cubs batting - Pitching for Dayton Dragons : LHP Suk-jin Sok
|
|
Batting: RHB David Barnard
|
0-0: Called Strike 0-1: Ball 1-1: Foul Ball, location: 2F 1-2: Strikes out swinging
|
|
Batting: LHB Wing-tat Tai
|
0-0: Foul Ball, location: 2F 0-1: Ground out 6-3 (Groundball, 6, EV 81.2 MPH)
|
|
Batting: LHB Mark Huey
|
0-0: Ball 1-0: Ball 2-0: Fly out, F7 (Line Drive, 78M, EV 88.1 MPH)
|
| Bottom of the 6th over - 0 runs, 0 hits, 0 errors, 0 left on base; Dayton 5 - South Bend 4 |
| TOP OF THE 7TH |
|
Dayton Dragons batting - Pitching for South Bend Cubs : RHP Jake Newman
|
|
Batting: LHB Keith Egan
|
0-0: Ball 1-0: Called Strike 1-1: Called Strike 1-2: Ground out 4-3 (Groundball, 34D, EV 85.0 MPH)
|
|
Batting: SHB Tim Utz
|
0-0: Ball 1-0: SINGLE (Groundball, 4D, EV 101.2 MPH)
|
|
Batting: RHB Frank Moron
|
0-0: Called Strike 0-1: Hit by Pitch Tim Utz to second
|
|
Batting: RHB Jonathan Davis
|
0-0: Fly out, F7 (Flyball, 7, EV 87.5 MPH)
|
|
Batting: RHB R.J. Romberg
|
0-0: Called Strike 0-1: Ball 1-1: Swinging Strike 1-2: Ball 2-2: Strikes out looking
|
| Top of the 7th over - 0 runs, 1 hit, 0 errors, 2 left on base; Dayton 5 - South Bend 4 |
| BOTTOM OF THE 7TH |
|
South Bend Cubs batting - Pitching for Dayton Dragons : LHP Suk-jin Sok
|
|
Batting: RHB Leonardo Nava
|
0-0: Ball 1-0: Ball 2-0: Fly out, F8 (Line Drive, 8LD, EV 95.0 MPH)
|
|
Batting: RHB Mike Savage
|
0-0: Foul Ball, location: 2F 0-1: Foul Ball, location: 2F 0-2: Strikes out swinging
|
|
Batting: RHB Ricardo Aguinaga
|
0-0: Foul Ball, location: 2F 0-1: Ball 1-1: Ball 2-1: SINGLE (Groundball, 6D, EV 109.4 MPH)
|
|
Pitching: LHP Davy Thorne
|
|
|
Batting: SHB Gabriel Cruz
|
0-0: Ball 1-0: Ball 2-0: Called Strike Ricardo Aguinaga steals 2nd base 2-1: Foul Ball, location: 2F 2-2: Strikes out swinging
|
| Bottom of the 7th over - 0 runs, 1 hit, 0 errors, 1 left on base; Dayton 5 - South Bend 4 |
| TOP OF THE 8TH |
|
Dayton Dragons batting - Pitching for South Bend Cubs : RHP Jake Newman
|
|
Pinch Hitting: LHB Fernando Gomez
|
0-0: Ground out U3 (Groundball, 3S, EV 85.6 MPH)
|
|
Batting: RHB Danny Real
|
0-0: Fly out, F8 (Flyball, 8RD, EV 105.0 MPH)
|
|
Batting: RHB Randy Grewe
|
0-0: Called Strike 0-1: Foul Ball, location: 2F 0-2: Ball 1-2: SINGLE (Groundball, 4MD, EV 105.0 MPH)
|
|
Batting: RHB Mark Williams
|
0-0: DOUBLE (Line Drive, 9LD, EV 105.6 MPH) Randy Grewe to third Runner from 3rd tries for Home, SAFE, throw by RF to home
|
|
Batting: LHB Keith Egan
|
0-0: Ball 1-0: Ground out 6-3 (Groundball, 6, EV 110.0 MPH)
|
| Top of the 8th over - 1 run, 2 hits, 0 errors, 1 left on base; Dayton 6 - South Bend 4 |
| BOTTOM OF THE 8TH |
|
South Bend Cubs batting - Pitching for Dayton Dragons : LHP Davy Thorne
|
|
Now at 2B: Yasusaburo Kuwahara
|
|
|
Now at SS: Juan Zamora
|
|
|
Batting: RHB Jose Balderrama
|
0-0: Called Strike 0-1: Called Strike 0-2: Foul Ball, location: 2F 0-2: Strikes out swinging
|
|
Batting: RHB Brad Santanello
|
0-0: Ball 1-0: Foul Ball, location: 2F 1-1: Swinging Strike 1-2: Ball 2-2: Strikes out swinging
|
|
Batting: RHB David Barnard
|
0-0: Ball 1-0: Ball 2-0: Ball 3-0: Called Strike 3-1: Called Strike 3-2: Foul Ball, location: 2F 3-2: Foul Ball, location: 2F 3-2: Foul Ball, location: 2F 3-2: Base on Balls
|
|
Pinch Hitting: RHB Puluke Konane
|
0-0: Ball 1-0: Called Strike 1-1: Swinging Strike 1-2: Strikes out swinging
|
| Bottom of the 8th over - 0 runs, 0 hits, 0 errors, 1 left on base; Dayton 6 - South Bend 4 |
| TOP OF THE 9TH |
|
Dayton Dragons batting - Pitching for South Bend Cubs : RHP Jake Newman
|
|
Pitching: RHP Jose Marrero
|
|
|
Now in LF: Puluke Konane
|
|
|
Batting: SHB Tim Utz
|
0-0: Ball 1-0: Swinging Strike 1-1: Called Strike 1-2: Ball 2-2: Foul Ball, location: 2F 2-2: Foul Ball, location: 2F 2-2: Strikes out swinging
|
|
Batting: RHB Frank Moron
|
0-0: Ball 1-0: Ground out 4-3 (Groundball, 4, EV 94.4 MPH)
|
|
Batting: RHB Jonathan Davis
|
0-0: Called Strike 0-1: Foul Ball, location: 2F 0-2: Foul Ball, location: 2F 0-2: Foul Ball, location: 2F 0-2: Ball 1-2: Ground out 3-1 (Groundball, 34, EV 86.2 MPH)
|
| Top of the 9th over - 0 runs, 0 hits, 0 errors, 0 left on base; Dayton 6 - South Bend 4 |
| BOTTOM OF THE 9TH |
|
South Bend Cubs batting - Pitching for Dayton Dragons : LHP Davy Thorne
|
|
Pitching: RHP Giovonni Morgia
|
|
|
Batting: LHB Mark Huey
|
0-0: Ball 1-0: Foul Ball, location: 2F 1-1: Ball 2-1: Called Strike 2-2: Strikes out looking
|
|
Batting: RHB Leonardo Nava
|
0-0: Called Strike 0-1: Called Strike 0-2: Ball 1-2: Foul Ball, location: 2F 1-2: Ground out 5-3 (Groundball, 5, EV 86.9 MPH)
|
|
Batting: RHB Mike Savage
|
0-0: Called Strike 0-1: Swinging Strike 0-2: Strikes out swinging, 2-3 out at first.
|
| Bottom of the 9th over - 0 runs, 0 hits, 0 errors, 0 left on base; Dayton 6 - South Bend 4 |
|